[Event "Centenario Panaderia Pulido 2023"]
[Site "San Mateo Gran Canaria"]
[Date "2023.12.06"]
[Round "4.3"]
[White "Doluhanova, Evgeniya"]
[Black "Mamani Beltran, Deniman"]
[Result "1/2-1/2"]
[ECO "E17"]
[WhiteElo "2177"]
[BlackElo "2151"]
[Annotator "RC"]
[PlyCount "111"]
[EventDate "2023.12.04"]
[EventType "swiss"]
[EventCountry "ESP"]
[SourceTitle "playchess.com"]
[Source "ChessBase"]
[SourceQuality "1"]
[TimeControl "5400+30"]

1. c4 e6 2. Nf3 Nf6 3. g3 d5 4. b3 Be7 5. Bg2 O-O 6. O-O c5 7. cxd5 Nxd5 8. Bb2 b6 9. d4 Bb7 10. Nbd2 Nd7 11. Nc4 Rc8 12. Qd2 cxd4 13. Bxd4 Bb4 14. Qb2 b5 15. a3 Bc5 16. Nce5 Bxd4 17. Qxd4 Nxe5 18. Qxe5 Qf6 19. Qxf6 Nxf6 20. Nd4 Bxg2 21. Kxg2 a6 22. Rfc1 Rfe8 23. Nc6 Kf8 24. a4 Rc7 25. axb5 axb5 26. Nd4 Rd7 27. e3 Rb8 28. Rc5 b4 29. Rc4 Nd5 30. e4 Nc3 31. Nc6 Rc8 32. Ne5 Rxc4 33. Nxd7+ Ke7 34. bxc4 Kxd7 35. Ra6 Kc7 36. c5 Nxe4 37. Rb6 Nxc5 38. Rxb4 e5 39. Rb5 Kd6 40. Rb8 Ke7 41. h4 h5 42. Kf3 f5 43. Rb6 Ne6 44. Ke3 Nc7 45. Rb7 Kd6 46. f3 Ne6 47. Rf7 f4+ 48. gxf4 exf4+ 49. Ke4 g5 50. Rf6 Ke7 51. Rxe6+ Kxe6 52. hxg5 Kf7 53. Kf5 Kg7 54. g6 h4 55. Kg4 Kxg6 56. Kxh4 1/2-1/2

[Event "Centenario Panaderia Pulido 2023"]
[Site "San Mateo Gran Canaria"]
[Date "2023.12.06"]
[Round "4.4"]
[White "Moreno Diepa, Diego"]
[Black "Gimenez Menchon, Cesar"]
[Result "0-1"]
[ECO "B12"]
[WhiteElo "2138"]
[BlackElo "2088"]
[Annotator "RC"]
[PlyCount "68"]
[EventDate "2023.12.04"]
[EventType "swiss"]
[EventCountry "ESP"]
[SourceTitle "playchess.com"]
[Source "ChessBase"]
[SourceQuality "1"]
[TimeControl "5400+30"]

1. e4 c6 2. d4 d5 3. e5 c5 4. dxc5 e6 5. a3 Bxc5 6. b4 Be7 7. Nf3 a5 8. b5 Nd7 9. Bd3 f6 10. Bb2 Nh6 11. O-O Nf7 12. c4 fxe5 13. cxd5 exd5 14. Bc2 e4 15. Nd4 Nde5 16. Nd2 O-O 17. Ne2 Qd6 18. Ng3 Ng4 19. Bb3 e3 20. Nf3 exf2+ 21. Kh1 Nxh2 22. Nxh2 Qxg3 23. Qf3 Bd6 24. Qxg3 Bxg3 25. Bd4 Ng5 26. Bxd5+ Be6 27. Bxb7 Rad8 28. Be3 Rf5 29. Nf3 Ne4 30. Bxf2 Nxf2+ 31. Kg1 Rxb5 32. Ba6 Rb6 33. Be2 Rb2 34. Rae1 Ne4 0-1

[Event "Centenario Panaderia Pulido 2023"]
[Site "San Mateo Gran Canaria"]
[Date "2023.12.06"]
[Round "4.5"]
[White "Hernando Rodrigo, Jose Maria"]
[Black "Kurajica, Bojan"]
[Result "1/2-1/2"]
[ECO "A46"]
[WhiteElo "2278"]
[BlackElo "2446"]
[Annotator "RC"]
[PlyCount "80"]
[EventDate "2023.12.04"]
[EventType "swiss"]
[EventCountry "ESP"]
[SourceTitle "playchess.com"]
[Source "ChessBase"]
[SourceQuality "1"]
[TimeControl "5400+30"]

1. d4 Nf6 2. Nf3 e6 3. e3 d6 4. Bd3 c5 5. O-O Nc6 6. c3 g6 7. dxc5 dxc5 8. e4 Bg7 9. Be3 Qe7 10. Bb5 Bd7 11. Bf4 Nxe4 12. Re1 f5 13. Nbd2 Nd6 14. Bxc6 Bxc6 15. Qb3 Ne4 16. Nxe4 fxe4 17. Ne5 Bxe5 18. Bxe5 O-O 19. Re3 Rad8 20. Rae1 Rd2 21. R1e2 Rd3 22. h3 b5 23. Qa3 Rf5 24. Bb8 Rf7 25. Bg3 g5 26. Qa6 Qb7 27. Qa5 Rfd7 28. a4 a6 29. c4 Rd1+ 30. Kh2 Ra1 31. cxb5 axb5 32. Qc3 Rdd1 33. Re1 Rxe1 34. Rxe1 Rxe1 35. Qxe1 bxa4 36. Qc3 Qe7 37. Be5 Kf7 38. Qg3 Kg6 39. Bd6 Qf6 40. Bxc5 Qf4 1/2-1/2

[Event "Centenario Panaderia Pulido 2023"]
[Site "San Mateo Gran Canaria"]
[Date "2023.12.06"]
[Round "4.6"]
[White "Bergero, Simone"]
[Black "Oudeh Mishmesh, Omar"]
[Result "0-1"]
[ECO "C02"]
[WhiteElo "2010"]
[BlackElo "2247"]
[Annotator "RC"]
[PlyCount "92"]
[EventDate "2023.12.04"]
[EventType "swiss"]
[EventCountry "ESP"]
[SourceTitle "playchess.com"]
[Source "ChessBase"]
[SourceQuality "1"]
[TimeControl "5400+30"]

1. e4 e6 2. d4 d5 3. e5 c5 4. c3 Nc6 5. Nf3 Bd7 6. Bd3 Rc8 7. O-O cxd4 8. a3 dxc3 9. Nxc3 a6 10. Be3 Qc7 11. Re1 Nge7 12. Rc1 Ng6 13. Na4 Be7 14. Bxg6 hxg6 15. Bb6 Qb8 16. Nc5 Rh5 17. Nxd7 Kxd7 18. Qa4 Rf5 19. Rc3 g5 20. Rec1 Rf4 21. Nd4 Qxe5 22. Rxc6 bxc6 23. g3 Rxd4 24. Bxd4 Qe4 25. Qd1 e5 26. Ba7 Rc7 27. f3 Qf5 28. Bb8 Rc8 29. Ba7 Bd6 30. Qa4 f6 31. Qxa6 Qxf3 32. Bb6 d4 33. Qc4 Qd5 34. Qd3 Rb8 35. Qa6 Bc7 36. Rc5 Qd6 37. Bxc7 Kxc7 38. b4 d3 39. Qa7+ Rb7 40. Qa5+ Kd7 41. Qa8 d2 42. Qxb7+ Qc7 43. Rd5+ cxd5 44. Qxd5+ Qd6 45. Qf7+ Kc6 46. Qe8+ Kb6 0-1

[Event "Centenario Panaderia Pulido 2023"]
[Site "San Mateo Gran Canaria"]
[Date "2023.12.06"]
[Round "4.7"]
[White "Uzcategui Rodriguez, Alejandro"]
[Black "Almenares Garcia, Mario Adrian"]
[Result "1-0"]
[ECO "B07"]
[WhiteElo "2235"]
[BlackElo "2000"]
[Annotator "ChessBase"]
[PlyCount "83"]
[EventDate "2023.12.04"]
[EventType "swiss"]
[EventCountry "ESP"]
[SourceTitle "playchess.com"]
[Source "ChessBase"]
[SourceQuality "1"]
[TimeControl "5400+30"]

1. e4 d6 2. d4 Nf6 3. Nc3 g6 4. Bg5 h6 5. Bf4 Bg7 6. Qd2 g5 7. Be3 Ng4 8. h4 Nxe3 9. Qxe3 e5 10. dxe5 Bxe5 11. Nf3 Bf4 12. Qd4 O-O 13. Nd5 Nc6 14. Qc3 f6 15. hxg5 Bxg5 16. Nxg5 hxg5 17. Qf3 Kg7 18. Qh5 Rh8 19. Qxh8+ Qxh8 20. Rxh8 Kxh8 21. Nxc7 Rb8 22. O-O-O Bg4 23. f3 Bh5 24. Rxd6 Rf8 25. Ne6 Rg8 26. Nc5 Kg7 27. Bc4 Rh8 28. Ne6+ Kh6 29. Bd5 Ne5 30. Nd4 Rf8 31. Nf5+ Kh7 32. Re6 Bg6 33. Re7+ Kh8 34. Nd6 Rd8 35. Nxb7 Rb8 36. c4 Nd3+ 37. Kd2 Nf4 38. g3 Nh5 39. c5 Nxg3 40. c6 g4 41. fxg4 Rc8 42. Nd6 1-0

[Event "Centenario Panaderia Pulido 2023"]
[Site "San Mateo Gran Canaria"]
[Date "2023.12.06"]
[Round "4.8"]
[White "Hernandez Leon, Alberto"]
[Black "Guerrero Orihuela, Jose Luis"]
[Result "1-0"]
[ECO "A56"]
[WhiteElo "2209"]
[BlackElo "1901"]
[Annotator "RC"]
[PlyCount "89"]
[EventDate "2023.12.04"]
[EventType "swiss"]
[EventCountry "ESP"]
[SourceTitle "playchess.com"]
[Source "ChessBase"]
[SourceQuality "1"]
[TimeControl "5400+30"]

1. d4 Nf6 2. c4 c5 3. d5 e5 4. Nc3 d6 5. e4 Nbd7 6. Nf3 Be7 7. Be2 Nf8 8. O-O Ng6 9. Ne1 O-O 10. Nd3 Nd7 11. a3 Bg5 12. g3 b6 13. b4 Kh8 14. Rb1 Bxc1 15. Qxc1 f5 16. exf5 Rxf5 17. Bg4 Rf8 18. Qe3 Nf6 19. Bxc8 Qxc8 20. bxc5 bxc5 21. f3 Ne7 22. Nf2 Nf5 23. Qd3 Nd4 24. Nfe4 Qd7 25. Kg2 Rab8 26. Rxb8 Rxb8 27. Rb1 Qc7 28. Ng5 Re8 29. Nb5 Nxb5 30. Rxb5 a6 31. Rb3 Rb8 32. Qb1 Rxb3 33. Qxb3 Nd7 34. Qa4 h6 35. Qc6 Qxc6 36. dxc6 Nb6 37. Nf7+ Kg8 38. Nxd6 Na8 39. Ne4 Kf7 40. Nxc5 Nc7 41. Kf2 Ke7 42. Nb7 Na8 43. Ke3 Nb6 44. Kd3 Na4 45. c5 1-0

[Event "Centenario Panaderia Pulido 2023"]
[Site "San Mateo Gran Canaria"]
[Date "2023.12.06"]
[Round "4.9"]
[White "Hernandez Leon, Sergio"]
[Black "Sanchez Gonzalez, Diego"]
[Result "1-0"]
[ECO "A13"]
[WhiteElo "2167"]
[BlackElo "1858"]
[Annotator "RC"]
[PlyCount "73"]
[EventDate "2023.12.04"]
[EventType "swiss"]
[EventCountry "ESP"]
[SourceTitle "playchess.com"]
[Source "ChessBase"]
[SourceQuality "1"]
[TimeControl "5400+30"]

1. Nf3 d5 2. b3 c5 3. Bb2 e6 4. e3 Nf6 5. c4 Nbd7 6. Nc3 a6 7. cxd5 exd5 8. Be2 Bd6 9. d4 Nb6 10. Rc1 Qe7 11. O-O O-O 12. a4 Bf5 13. dxc5 Bxc5 14. a5 Nbd7 15. Nxd5 Nxd5 16. Qxd5 Be6 17. Qd2 Rfd8 18. Qc3 Qf8 19. Ng5 Bf5 20. Rfd1 h6 21. Nf3 Rac8 22. Ne5 Bb4 23. Qd4 Nf6 24. Rxc8 Rxc8 25. Bc4 Bxa5 26. Bxf7+ Kh8 27. Be6 Be4 28. Bxc8 Qxc8 29. f3 Bf5 30. Nf7+ Kh7 31. Nd6 Qe6 32. Nxf5 Qxf5 33. Qd3 Qxd3 34. Rxd3 Kg6 35. Bxf6 gxf6 36. Rd7 b5 37. Rd6 1-0

[Event "Centenario Panaderia Pulido 2023"]
[Site "San Mateo Gran Canaria"]
[Date "2023.12.06"]
[Round "4.10"]
[White "Ramos Santana, Marcelino"]
[Black "Marrero Cardenes, Agustin"]
[Result "0-1"]
[ECO "B12"]
[WhiteElo "1830"]
[BlackElo "2106"]
[Annotator "RC"]
[PlyCount "74"]
[EventDate "2023.12.04"]
[EventType "swiss"]
[EventCountry "ESP"]
[SourceTitle "playchess.com"]
[Source "ChessBase"]
[SourceQuality "1"]
[TimeControl "5400+30"]

1. e4 c6 2. d4 d5 3. e5 Bf5 4. Nf3 e6 5. Be2 c5 6. Be3 Qb6 7. Nc3 Nc6 8. O-O c4 9. Rb1 Bb4 10. a3 Bxc3 11. bxc3 Qa6 12. Nh4 Nge7 13. g4 Bg6 14. f4 Be4 15. f5 Qxa3 16. Qd2 Qa4 17. fxe6 fxe6 18. Bd1 Nd8 19. Bg5 Qd7 20. Qf2 h6 21. Bc1 g5 22. Qf6 Rg8 23. Ng2 Ng6 24. Ba3 Bxg2 25. Kxg2 Nf4+ 26. Rxf4 gxf4 27. Qxh6 Nf7 28. Qf6 Ng5 29. h4 Ne4 30. Qh6 O-O-O 31. Bf3 Qf7 32. Bc1 Rdf8 33. Bxe4 Rxg4+ 34. Kh3 dxe4 35. Ba3 Rfg8 36. Bd6 Rg3+ 37. Kh2 Qf5 0-1

[Event "Centenario Panaderia Pulido 2023"]
[Site "San Mateo Gran Canaria"]
[Date "2023.12.06"]
[Round "4.11"]
[White "Rivero Castellano, Carlos Jesus"]
[Black "Medina Martin, Alberto"]
[Result "0-1"]
[ECO "D05"]
[WhiteElo "1726"]
[BlackElo "2105"]
[Annotator "RC"]
[PlyCount "106"]
[EventDate "2023.12.04"]
[EventType "swiss"]
[EventCountry "ESP"]
[SourceTitle "playchess.com"]
[Source "ChessBase"]
[SourceQuality "1"]
[TimeControl "5400+30"]

1. d4 Nf6 2. Nf3 e6 3. e3 b6 4. Bd3 Bb7 5. Nbd2 d5 6. Qe2 Ne4 7. O-O Bd6 8. c4 O-O 9. Qd1 f5 10. a3 Nd7 11. b4 c6 12. c5 Bc7 13. Bb2 Rf6 14. Ne5 Nxe5 15. dxe5 Rf7 16. Nb3 bxc5 17. bxc5 h6 18. f3 Ng5 19. a4 Qc8 20. h4 Nh7 21. Qe2 a5 22. f4 Bd8 23. g3 Ba6 24. Nd4 Bxd3 25. Qxd3 Rb7 26. Bc3 Be7 27. Rab1 Rxb1 28. Rxb1 Bxc5 29. Qd2 Bxd4 30. exd4 Qa6 31. Qc2 Nf8 32. Qb3 Qd3 33. Ba1 Qe2 34. Qb2 Qe3+ 35. Kh2 Nd7 36. Qc3 Qe2+ 37. Kg1 Qa6 38. Kf2 Rc8 39. Qb3 Rb8 40. Qc2 Rxb1 41. Qxb1 Qb6 42. Qxb6 Nxb6 43. Bc3 Nxa4 44. Bxa5 c5 45. dxc5 Nxc5 46. Ke2 h5 47. Bb4 Ne4 48. Be1 Kf8 49. Kd3 Ke7 50. Kd4 Kd7 51. Kd3 Kc6 52. Kc2 Kb5 53. Kd3 Kc5 0-1

[Event "Centenario Panaderia Pulido 2023"]
[Site "San Mateo Gran Canaria"]
[Date "2023.12.06"]
[Round "4.12"]
[White "Gonzalez Martinez, Miguel Angel"]
[Black "Cruz Pino, Adrian"]
[Result "1-0"]
[ECO "C00"]
[WhiteElo "2158"]
[BlackElo "2048"]
[Annotator "RC"]
[PlyCount "55"]
[EventDate "2023.12.04"]
[EventType "swiss"]
[EventCountry "ESP"]
[SourceTitle "playchess.com"]
[Source "ChessBase"]
[SourceQuality "1"]
[TimeControl "5400+30"]

1. e4 e6 2. Qe2 b6 3. g3 c5 4. Bg2 Nc6 5. c3 Qc7 6. d3 Ba6 7. Na3 Ne5 8. Bf4 d6 9. c4 Ne7 10. Nf3 N7c6 11. Nc2 b5 12. b3 Be7 13. O-O Bf6 14. Rab1 bxc4 15. dxc4 O-O 16. Rfd1 Rfd8 17. Nxe5 dxe5 18. Be3 Nd4 19. Bxd4 exd4 20. e5 Bxe5 21. Bxa8 Rxa8 22. b4 Bf6 23. bxc5 Qxc5 24. Qe4 Rd8 25. Nxd4 Qxc4 26. Qc2 Bxd4 27. Qxc4 Bxc4 28. Rxd4 1-0

[Event "Centenario Panaderia Pulido 2023"]
[Site "San Mateo Gran Canaria"]
[Date "2023.12.06"]
[Round "4.13"]
[White "Camino Carrio, Nicanor"]
[Black "Quiceno Ramirez, Edwin Alejandro"]
[Result "1-0"]
[ECO "B55"]
[WhiteElo "1948"]
[BlackElo "1777"]
[Annotator "RC"]
[PlyCount "49"]
[EventDate "2023.12.04"]
[EventType "swiss"]
[EventCountry "ESP"]
[SourceTitle "playchess.com"]
[Source "ChessBase"]
[SourceQuality "1"]
[TimeControl "5400+30"]

1. e4 c5 2. Nf3 d6 3. d4 cxd4 4. Nxd4 Nf6 5. Bd3 a6 6. c4 g6 7. O-O Bg7 8. Nc3 O-O 9. Be2 Bd7 10. Be3 Nc6 11. Qd2 Nxd4 12. Bxd4 Bc6 13. f3 Nd7 14. Bxg7 Kxg7 15. Kh1 Qa5 16. f4 b5 17. Qd4+ f6 18. Nd5 Rf7 19. b4 Qa4 20. Bd1 Qa3 21. Rf3 e5 22. Qd2 Qxf3 23. Bxf3 bxc4 24. Nc7 Rd8 25. Ne6+ 1-0

[Event "Centenario Panaderia Pulido 2023"]
[Site "San Mateo Gran Canaria"]
[Date "2023.12.06"]
[Round "4.14"]
[White "Garbezza, Davide"]
[Black "Mukhi Talreja, Ishita Tina"]
[Result "1-0"]
[ECO "E64"]
[WhiteElo "1860"]
[BlackElo "1575"]
[Annotator "NA COMBH"]
[PlyCount "87"]
[EventDate "2023.12.04"]
[EventType "swiss"]
[EventCountry "ESP"]
[SourceTitle "playchess.com"]
[Source "ChessBase"]
[SourceQuality "1"]
[TimeControl "5400+30"]

1. d4 c5 2. d5 d6 3. c4 Nf6 4. Nc3 g6 5. Nf3 Bg7 6. g3 O-O 7. Bg2 Bf5 8. Nd2 Qc8 9. O-O Bh3 10. e4 Bxg2 11. Kxg2 Ng4 12. h3 Ne5 13. Qe2 f5 14. f4 Nf7 15. Nf3 e5 16. fxe5 Nxe5 17. Ng5 Re8 18. exf5 gxf5 19. Qh5 h6 20. Ne6 Rxe6 21. dxe6 Qxe6 22. Rxf5 Nxc4 23. Bxh6 Bxh6 24. Qg4+ Kh7 25. Re1 Ne5 26. Qe4 Kg8 27. Nd5 Nbd7 28. Nc7 Qxa2 29. Nxa8 Qxb2+ 30. Rf2 Qb3 31. Nc7 a5 32. Nd5 Qd3 33. Ne7+ Kh8 34. Qh4 Qh7 35. Nf5 Bg7 36. Qe4 Bh6 37. Qxb7 Bf8 38. Re4 Kg8 39. Qd5+ Nf7 40. Rg4+ Kh8 41. Rh4 Nh6 42. Nxh6 Bxh6 43. Qxd6 c4 44. Rxh6 1-0

[Event "Centenario Panaderia Pulido 2023"]
[Site "San Mateo Gran Canaria"]
[Date "2023.12.06"]
[Round "4.15"]
[White "Ramirez Maillo, Juan Adonay"]
[Black "Quevedo Olivares, Carlos Tomas"]
[Result "1-0"]
[ECO "B07"]
[WhiteElo "1857"]
[BlackElo "1555"]
[Annotator "NA COMBH"]
[PlyCount "73"]
[EventDate "2023.12.04"]
[EventType "swiss"]
[EventCountry "ESP"]
[SourceTitle "playchess.com"]
[Source "ChessBase"]
[SourceQuality "1"]
[TimeControl "5400+30"]

1. e4 g6 2. d4 Bg7 3. Nc3 d6 4. Be3 Nf6 5. f3 c6 6. a4 O-O 7. Qd2 e5 8. dxe5 dxe5 9. O-O-O Qxd2+ 10. Rxd2 Be6 11. g3 a5 12. Bh3 Bxh3 13. Nxh3 Na6 14. Bb6 Nb4 15. Kb1 Bh6 16. Rd6 Ra6 17. Bd8 Ne8 18. Rd7 Ng7 19. Bf6 Re8 20. g4 Ne6 21. Rhd1 Nc5 22. Rd8 Ra8 23. Rxa8 Rxa8 24. Bxe5 Ne6 25. Rd7 Re8 26. Bf6 b6 27. g5 Bf8 28. Nf2 Bc5 29. Ng4 Kf8 30. Nh6 Be7 31. Rb7 Nc5 32. Bxe7+ Rxe7 33. Rb8+ Re8 34. Rxb6 Rd8 35. Kc1 Kg7 36. Ng4 Kf8 37. b3 1-0

[Event "Centenario Panaderia Pulido 2023"]
[Site "San Mateo Gran Canaria"]
[Date "2023.12.06"]
[Round "5.1"]
[White "Strikovic, Aleksa"]
[Black "Korneev, Oleg"]
[Result "1/2-1/2"]
[ECO "E29"]
[WhiteElo "2455"]
[BlackElo "2470"]
[Annotator "RC"]
[PlyCount "21"]
[EventDate "2023.12.04"]
[EventType "swiss"]
[EventCountry "ESP"]
[SourceTitle "playchess.com"]
[Source "ChessBase"]
[SourceQuality "1"]
[TimeControl "5400+30"]

1. d4 Nf6 2. c4 e6 3. Nc3 Bb4 4. e3 c5 5. a3 Bxc3+ 6. bxc3 O-O 7. Bd3 d6 8. Nf3 Nc6 9. O-O e5 10. d5 Ne7 11. e4 1/2-1/2

[Event "Centenario Panaderia Pulido 2023"]
[Site "San Mateo Gran Canaria"]
[Date "2023.12.06"]
[Round "5.2"]
[White "Gimenez Menchon, Cesar"]
[Black "Doluhanova, Evgeniya"]
[Result "1/2-1/2"]
[ECO "C46"]
[WhiteElo "2088"]
[BlackElo "2177"]
[Annotator "RC"]
[PlyCount "117"]
[EventDate "2023.12.04"]
[EventType "swiss"]
[EventCountry "ESP"]
[SourceTitle "playchess.com"]
[Source "ChessBase"]
[SourceQuality "1"]
[TimeControl "5400+30"]

1. e4 e5 2. Nf3 Nc6 3. Nc3 g6 4. d4 exd4 5. Nxd4 Bg7 6. Nxc6 dxc6 7. Qxd8+ Kxd8 8. Bc4 Be6 9. Bxe6 fxe6 10. Bg5+ Bf6 11. h4 h6 12. O-O-O+ Ke8 13. Bf4 e5 14. Bg3 Rh7 15. h5 g5 16. Rd3 Rd7 17. Rf3 Ke7 18. Nd1 Rd4 19. Re1 Ke6 20. c3 Ra4 21. Kb1 Rd8 22. b3 Ra6 23. Ne3 b5 24. Re2 Ne7 25. Rxf6+ Kxf6 26. Ng4+ Ke6 27. Bxe5 c5 28. Kb2 c4 29. Bxc7 cxb3 30. axb3 Rd1 31. Ne3 Rda1 32. Kc2 Rc6 33. Kb2 Rca6 34. Kc2 R6a3 35. Nd1 b4 36. Rd2 R3a2+ 37. Nb2 bxc3 38. Kxc3 Rc1+ 39. Rc2 Rxc2+ 40. Kxc2 Nc6 41. Kc3 Nd4 42. Kxd4 Rxb2 43. f4 gxf4 44. Bxf4 Rxg2 45. Kc3 Rg4 46. Bxh6 Rxe4 47. Bg7 Kd5 48. h6 Rh4 49. Bf8 a5 50. Kb2 Kc6 51. Kc2 Rh2+ 52. Kc3 Kb5 53. Bg7 Rh4 54. Bf8 Rh3+ 55. Kc2 Rf3 56. Bg7 Rf2+ 57. Kc3 Rh2 58. Bf8 Re2 59. Bg7 1/2-1/2

[Event "Centenario Panaderia Pulido 2023"]
[Site "San Mateo Gran Canaria"]
[Date "2023.12.06"]
[Round "5.3"]
[White "Kurajica, Bojan"]
[Black "Uzcategui Rodriguez, Alejandro"]
[Result "1/2-1/2"]
[ECO "A49"]
[WhiteElo "2446"]
[BlackElo "2235"]
[Annotator "ChessBase"]
[PlyCount "84"]
[EventDate "2023.12.04"]
[EventType "swiss"]
[EventCountry "ESP"]
[SourceTitle "playchess.com"]
[Source "ChessBase"]
[SourceQuality "1"]
[TimeControl "5400+30"]

1. Nf3 Nf6 2. d4 g6 3. g3 Bg7 4. Bg2 O-O 5. O-O d6 6. Re1 c5 7. e4 cxd4 8. Nxd4 Nc6 9. Nxc6 bxc6 10. e5 dxe5 11. Qxd8 Rxd8 12. Bxc6 Rb8 13. Bg2 Bf5 14. Na3 Nd5 15. c3 Bd3 16. Be4 Nb6 17. Bxd3 Rxd3 18. Be3 Na4 19. Bc1 f5 20. Kg2 e4 21. Rb1 e6 22. Re2 Bf8 23. Bf4 Rb7 24. Ree1 Rxb2 25. Rxb2 Nxb2 26. Nb5 Bc5 27. Rb1 Nd1 28. Nd4 Bb6 29. Nxe6 Nxc3 30. Rc1 e3 31. fxe3 Bxe3 32. Rc2 Bxf4 33. Nxf4 Re3 34. Kf1 Kf7 35. Ng2 Rf3+ 36. Ke1 Nd5 37. Rc5 Ke6 38. Ra5 Rc3 39. Rxa7 Rc2 40. Kf1 Rc1+ 41. Ke2 Rc2+ 42. Kf1 Rc1+ 1/2-1/2

[Event "Centenario Panaderia Pulido 2023"]
[Site "San Mateo Gran Canaria"]
[Date "2023.12.06"]
[Round "5.4"]
[White "Larino Nieto, David"]
[Black "Hernandez Leon, Sergio"]
[Result "1/2-1/2"]
[ECO "C68"]
[WhiteElo "2366"]
[BlackElo "2167"]
[Annotator "RC"]
[PlyCount "133"]
[EventDate "2023.12.04"]
[EventType "swiss"]
[EventCountry "ESP"]
[SourceTitle "playchess.com"]
[Source "ChessBase"]
[SourceQuality "1"]
[TimeControl "5400+30"]

1. e4 e5 2. Nf3 Nc6 3. Bb5 a6 4. Bxc6 dxc6 5. O-O Bg4 6. h3 Bxf3 7. Qxf3 Qf6 8. Qg3 O-O-O 9. d3 h6 10. f4 exf4 11. Qxf4 Qxf4 12. Bxf4 f6 13. Nd2 Bd6 14. Nc4 Ne7 15. Be3 Ng6 16. a4 Ne5 17. Nxd6+ cxd6 18. b4 Kc7 19. Kf2 Rhe8 20. Rfb1 Ra8 21. Ra3 Rf8 22. g4 h5 23. gxh5 Rh8 24. Rg1 Rag8 25. d4 Nc4 26. Rc3 Nxe3 27. Rxe3 Rxh5 28. Rg6 Kd7 29. Reg3 Rh7 30. a5 Ke6 31. Ke3 Kf7 32. Kd3 Rxh3 33. Rxg7+ Rxg7 34. Rxh3 Ke6 35. Kc4 Rc7 36. Rh4 Rg7 37. c3 Rc7 38. Rg4 Rh7 39. Rg8 Rc7 40. Re8+ Kd7 41. Rh8 Ke6 42. Kd3 Rg7 43. Rh3 Rc7 44. Ke3 Rg7 45. c4 d5 46. exd5+ cxd5 47. c5 Kf5 48. Rh5+ Ke6 49. Kf4 Rc7 50. Rh8 Rd7 51. Kg4 Rg7+ 52. Kf3 Kd7 53. Rf8 Kc6 54. Rd8 Kb5 55. Rxd5 Kxb4 56. Rd6 Kc4 57. Kf4 Rg5 58. Kf3 Rf5+ 59. Ke4 Rh5 60. c6 Rh4+ 61. Ke3 Rh3+ 62. Kf4 bxc6 63. Rxc6+ Kxd4 64. Rxa6 Ra3 65. Ra8 Kc5 66. a6 Kb6 67. Ke4 1/2-1/2

[Event "Centenario Panaderia Pulido 2023"]
[Site "San Mateo Gran Canaria"]
[Date "2023.12.06"]
[Round "5.5"]
[White "Yao, Stefano"]
[Black "Hernandez Leon, Alberto"]
[Result "1/2-1/2"]
[ECO "E04"]
[WhiteElo "2288"]
[BlackElo "2209"]
[Annotator "RC"]
[PlyCount "92"]
[EventDate "2023.12.04"]
[EventType "swiss"]
[EventCountry "ESP"]
[SourceTitle "playchess.com"]
[Source "ChessBase"]
[SourceQuality "1"]
[TimeControl "5400+30"]

1. Nf3 Nf6 2. c4 e6 3. d4 d5 4. Nc3 c6 5. g3 dxc4 6. Bg2 b5 7. Ne5 Qb6 8. O-O Bb7 9. a4 a6 10. e4 Bb4 11. Be3 Qd8 12. Qe2 O-O 13. Rad1 Qa5 14. Qc2 Rd8 15. Bg5 Nbd7 16. Nxd7 Rxd7 17. Bxf6 gxf6 18. e5 Bxc3 19. bxc3 fxe5 20. Qc1 exd4 21. Qg5+ Kh8 22. Qe5+ Kg8 23. cxd4 Qc7 24. Qg5+ Kh8 25. Qf6+ Kg8 26. Rfe1 Qd8 27. Qe5 Rd5 28. Qf4 Rg5 29. h4 Rg7 30. Re5 Qb8 31. h5 c3 32. h6 Rg6 33. Be4 f5 34. Bc2 Kh8 35. Bb3 Qd6 36. Qe3 c5 37. Qxc3 cxd4 38. Rxd4 Qc6 39. Qxc6 Bxc6 40. Rxe6 bxa4 41. Rxg6 hxg6 42. Bxa4 Bxa4 43. Rxa4 Kh7 44. Ra5 Kxh6 45. Kg2 Kg5 46. Kf3 Kf6 1/2-1/2

[Event "Centenario Panaderia Pulido 2023"]
[Site "San Mateo Gran Canaria"]
[Date "2023.12.06"]
[Round "5.6"]
[White "Calzetta Ruiz, Monica"]
[Black "Marrero Cardenes, Agustin"]
[Result "1/2-1/2"]
[ECO "D42"]
[WhiteElo "2239"]
[BlackElo "2106"]
[Annotator "RC"]
[PlyCount "67"]
[EventDate "2023.12.04"]
[EventType "swiss"]
[EventCountry "ESP"]
[SourceTitle "playchess.com"]
[Source "ChessBase"]
[SourceQuality "1"]
[TimeControl "5400+30"]

1. e4 c6 2. d4 d5 3. exd5 cxd5 4. c4 Nf6 5. Nc3 e6 6. Nf3 Be7 7. cxd5 Nxd5 8. Bd3 Nc6 9. O-O O-O 10. a3 Bf6 11. Bc2 Nxc3 12. bxc3 b6 13. Qd3 g6 14. Bh6 Bg7 15. Bxg7 Kxg7 16. Rac1 Bb7 17. Rfd1 Rc8 18. h4 Na5 19. Ng5 Qd5 20. Qg3 Nc4 21. h5 Nd6 22. c4 Nxc4 23. hxg6 hxg6 24. Be4 Qd7 25. Nxe6+ Qxe6 26. Bxb7 Rb8 27. d5 Qf6 28. Ba6 Nd6 29. Rc7 Rh8 30. Qc3 Qxc3 31. Rxc3 Rh4 32. g3 Ra4 33. Bf1 Rd8 34. Re1 1/2-1/2

[Event "Centenario Panaderia Pulido 2023"]
[Site "San Mateo Gran Canaria"]
[Date "2023.12.06"]
[Round "5.7"]
[White "Oudeh Mishmesh, Omar"]
[Black "Gonzalez Martinez, Miguel Angel"]
[Result "1/2-1/2"]
[ECO "A22"]
[WhiteElo "2247"]
[BlackElo "2158"]
[Annotator "RC"]
[PlyCount "119"]
[EventDate "2023.12.04"]
[EventType "swiss"]
[EventCountry "ESP"]
[SourceTitle "playchess.com"]
[Source "ChessBase"]
[SourceQuality "1"]
[TimeControl "5400+30"]

1. c4 d6 2. Nc3 e5 3. g3 Nf6 4. Bg2 Be7 5. Nf3 O-O 6. O-O a5 7. d4 exd4 8. Nxd4 Na6 9. b3 c6 10. Bb2 Re8 11. Qd2 Nc5 12. Rfd1 Bf8 13. Qc2 Qe7 14. Bc1 Ng4 15. Bf4 g5 16. Bd2 Qf6 17. Be1 Qh6 18. Nf3 Qf6 19. Qd2 h6 20. Nd4 Bd7 21. a3 Bg7 22. e3 Ne5 23. Qc2 Bg4 24. Nce2 Nf3+ 25. Nxf3 Bxf3 26. Bc3 Re5 27. Bxf3 Qxf3 28. Nd4 Qg4 29. b4 Nd7 30. Qe2 Qh3 31. Qf3 Rae8 32. Ne2 h5 33. Rxd6 h4 34. Rad1 Rf5 35. Qg2 Qg4 36. Bxg7 Kxg7 37. gxh4 Qxe2 38. Rxd7 Rh8 39. R7d2 Qxc4 40. Rd4 Qe2 41. hxg5 Rh5 42. h4 Rxh4 43. Rxh4 Qxd1+ 44. Kh2 Qe1 45. Kg3 Rxg5+ 46. Rg4 Rxg4+ 47. Kxg4 axb4 48. axb4 Qxb4+ 49. f4 Qc5 50. Qb2+ Kg6 51. Qxb7 f5+ 52. Kf3 Qd5+ 53. Kg3 Qe4 54. Qb3 Kg7 55. Qc3+ Kg6 56. Qc5 Kh5 57. Qa7 Kg6 58. Qc5 Kh5 59. Qc3 Kg6 60. Qc5 1/2-1/2

[Event "Centenario Panaderia Pulido 2023"]
[Site "San Mateo Gran Canaria"]
[Date "2023.12.06"]
[Round "5.8"]
[White "Mamani Beltran, Deniman"]
[Black "Estremera Panos, Sergio"]
[Result "1/2-1/2"]
[ECO "A13"]
[WhiteElo "2151"]
[BlackElo "2232"]
[Annotator "RC"]
[PlyCount "30"]
[EventDate "2023.12.04"]
[EventType "swiss"]
[EventCountry "ESP"]
[SourceTitle "playchess.com"]
[Source "ChessBase"]
[SourceQuality "1"]
[TimeControl "5400+30"]

1. Nf3 Nf6 2. c4 e6 3. g3 d5 4. b3 a5 5. Bg2 a4 6. Bb2 a3 7. Bc3 Nc6 8. d4 Ne4 9. O-O Be7 10. e3 Nxc3 11. Nxc3 Nb4 12. Ne5 c6 13. Rc1 O-O 14. Re1 Qa5 15. c5 Qc7 1/2-1/2